 Dungeon Crawl Stone Soup version 0.31-a0-75-g6fe912e8c5 (webtiles) character file.

Game seed: 12457866328878350969

119 billz999 the Insei (level 5, -2/40 HPs)
             Began as a Djinni Transmuter on May 23, 2023.
             Slain by a hound (5 damage)
             ... on level 4 of the Dungeon.
             The game lasted 00:05:08 (2914 turns).

billz999 the Insei (Djinni Transmuter)              Turns: 2914, Time: 00:05:08

Health: -2/40      AC:  2    Str:  9    XL:     5   Next: 23%
Gold:   141        EV: 12    Int: 17    God:
                   SH:  0    Dex: 13

rFire   + +          .
                       - Unarmed
rCold   x . .        (no shield)
rNeg    . . .        a - +0 robe
rPois   ∞            (helmet currently unavailable)
rElec   .            (no cloak)
rCorr   .            (no gloves)
SInv    +            (boots unavailable)
Will    .....        (no amulet)
Stlth   +            h - ring of see invisible
HPRegen 0.26/turn    (no ring)
MPRegen 0.00/turn

%: infuse magic (-3 HP)
@: appendages (expiring), wereblooded, flying
A: horns 2, flying, sickness immunity, fire resistance 2, cold vulnerability 1,
float, innate caster, HP casting, extra vitality 1
a: End Transformation


You were on level 4 of the Dungeon.
You had temporarily grown beastly horns.
You visited 1 branch of the dungeon, and saw 4 of its levels.

You collected 141 gold pieces.

Inventory:

Missiles
 o - 3 javelins
Armour
 a - a +0 robe (worn)
Jewellery
 h - a ring of see invisible (left hand)
Wands
 j - a wand of digging (7)
Scrolls
 c - a scroll of teleportation {unknown}
 d - a scroll of magic mapping {unknown}
 e - 3 scrolls of identify {unknown}
 f - a scroll of silence {unknown}
 i - a scroll of vulnerability {unknown}
 k - a scroll of noise {unknown}
 m - a scroll of amnesia {unknown}
Potions
 b - a potion of lignification
 g - a potion of invisibility {unknown}
 l - a potion of magic {unknown}
 n - a potion of attraction {unknown}


   Skills:
 + Level 2.8 Fighting
 - Level 2.1 Dodging
 + Level 4.1 Unarmed Combat
 + Level 2.8 Spellcasting
 + Level 2.8 Conjurations
 + Level 2.8 Hexes
   Level 0.0 Charms
 + Level 2.8 Summonings
 + Level 2.8 Necromancy
 + Level 2.8 Translocations
 + Level 2.8 Transmutations
 + Level 2.8 Fire Magic
 + Level 2.8 Ice Magic
 + Level 2.8 Air Magic
 + Level 2.8 Earth Magic
 + Level 2.8 Poison Magic


You knew the following spells:

 Your Spells              Type           Power      Damage    Failure   Level
a - Beastly Appendage     Tmut           24%        N/A       5%          1
b - Wereblood             Tmut           12%        N/A       9%          2
c - Spider Form           Tmut/Pois      10%        N/A       19%         3
d - Ice Form              Ice/Tmut       10%        N/A       54%         4
e - Summon Small Mammal   Summ           48%        N/A       5%          1
f - Static Discharge      Conj/Air       20%        2-3/arc   10%         2
Your spell library was empty.

Dungeon Overview and Level Annotations

Branches:
Dungeon (4/15)
 Temple: D:4-7

Altars:


Innate Abilities, Weirdness & Mutations

You have temporarily grown beastly horns.
You are flying.
You are immune to sickness and miasma.
You are immune to poison.
Your flesh is very heat resistant. (rF++)
You are vulnerable to cold. (rC-)
You float through the air rather than walking.
You learn spells naturally, not from books.
Your magical power is your life essence.
You have superior vitality. (+4 MHP)


Message History

Casting: Wereblood (safe; 9% risk of failure)
Confirm with . or Enter, or press ? or * to list all spells.
Okay, then.
Casting: Wereblood (safe; 9% risk of failure)
Confirm with . or Enter, or press ? or * to list all spells.
The hound is struck by an arc of lightning.
The hound is lightly wounded.
You are struck by an arc of lightning.
The lightning grounds out.
The hound misses you. The iguana misses you.
Unknown command.
Unknown command.
Casting: Static Discharge (safe; 10% risk of failure)
Confirm with . or Enter, or press ? or * to list all spells.
The hound is struck by an arc of lightning.
The hound is moderately wounded.
The iguana is struck by an arc of lightning.
The iguana is lightly wounded.
The lightning grounds out.
The iguana is struck by an arc of lightning.
The iguana is moderately wounded.
You are struck by an arc of lightning.
The lightning grounds out.
The hound closely misses you. The iguana bites you!
* * * LOW HITPOINT WARNING * * *
The hound closely misses you.
Unknown command.
Your transformation is almost over.
Casting: Static Discharge (safe; 10% risk of failure)
Confirm with . or Enter, or press ? or * to list all spells.
The iguana is struck by an arc of lightning.
The iguana is heavily wounded.
The hound is struck by an arc of lightning.
The hound is heavily wounded.
The iguana is struck by an arc of lightning.
The iguana is almost dead.
You are struck by an arc of lightning.
* * * LOW HITPOINT WARNING * * *
The lightning grounds out.
* * * LOW HITPOINT WARNING * * *
The hound bites you.
You die...

##### ...######
# #........
#.#@..##
#.#hl..###
#........####.#
#...†^.........
###..h...<.#..
...........# #
##.......#.#.#
#...#.......##
#...##.......$


You could see a howler monkey, an iguana and a hound.

Vanquished Creatures
  2 orc wizards (D:3)
  An adder (D:3)
  A worm (D:3)
  7 orcs (D:3)
  6 ball pythons
  3 bats (D:3)
  4 endoplasms
  2 giant cockroaches
  A goblin (D:2)
  7 hobgoblins
  3 jackals (D:2)
  A quokka (D:2)
  4 kobolds
  3 rats
45 creatures vanquished.

Notes
Turn   | Place    | Note
-------+----------+-------------------------------------------
     0 | D:1      | billz999 the Djinni Transmuter began the quest for the Orb.
     0 | D:1      | billz999 set off with the following spells memorised:
                  | Beastly Appendage, Wereblood, Spider Form, Ice Form.
     0 | D:1      | Reached XP level 1. HP: 17/17 MP: 0/0
     8 | D:1      | Found a faded altar of an unknown god.
   889 | D:2      | Reached XP level 2. HP: 9/22 MP: 0/0
  1179 | D:2      | Reached XP level 3. HP: 25/27 MP: 0/0
  1179 | D:2      | Learned a level 1 spell: Summon Small Mammal
  1793 | D:3      | Reached XP level 4. HP: 28/33 MP: 0/0
  1974 | D:3      | Reached XP level 5. HP: 7/39 MP: 0/0
  1974 | D:3      | Learned a level 2 spell: Static Discharge
  2258 | D:3      | Reached skill level 4 in Unarmed Combat
  2914 | D:4      | Slain by a hound

Illustrated notes

Levels and vault maps discovered:
D:1:      saegor_arrival_simple_a, layout_loops_corners,
          chequers_ecumenical_altar_island
D:2:      layout_basic
D:3:      layout_loops_ring, serial_bayou, serial_bayou_shore_a,
          serial_bayou_pond_e, serial_bayou_pond_c, serial_bayou_shore_b
D:4:      layout_basic, chequers_temple_overflow_statue_of_worship,
          dk_noncrumbling_3, uniq_natasha

Skill      XL: |  1  2  3  4  5 |
---------------+----------------+-----
Fighting       | 2 |  2.8
Unarmed Combat | 4 |  4.1
Dodging        | |  2.1
Spellcasting   | |  2.8
Conjurations   | |  2.8
Hexes          | |  2.8
Summonings     | |  2.8
Necromancy     | |  2.8
Translocations | |  2.8
Transmutations | |  2.8
Fire Magic     | |  2.8
Ice Magic      | |  2.8
Air Magic      | |  2.8
Earth Magic    | |  2.8
Poison Magic   | |  2.8

Action                     |  1- 3 |  4- 6 || total
---------------------------+-------+-------++-------
  Melee: Unarmed           |    94 |   104 ||   198
         Headbutt          |    16 |    11 ||    27
         Punch             |     3 |     2 ||     5
   Cast: Beastly Appendage |    16 |    10 ||    26
         Wereblood         |     3 |     2 ||     5
         Static Discharge  |       |     3 ||     3
    Use: Potion            |       |     2 ||     2
   Stab: Sleeping          |       |     1 ||     1
 Armour: Robe              |    17 |    21 ||    38
  Dodge: Dodged            |    45 |    75 ||   120

Table legend: (Time is in decaauts)
 A = Elapsed time spent in this place.
 B = Non-inter-level travel time spent in this place.
 C = Inter-level travel time spent in this place.
 D = Time resting spent in this place.
 E = Time spent auto-exploring this place.
 F = Levels seen in this place.
 G = Mean time per level.
                   A        B        C        D        E       F      G
               +--------+--------+--------+--------+--------+-----+--------+
         Total |   2898 |   2808 |     90 |    241 |   2157 |   4 |  724.5 |
       Dungeon |   2898 |   2808 |     90 |    241 |   2157 |   4 |  724.5 |
               +--------+--------+--------+--------+--------+-----+--------+

Top non-repeatable levels by time:
     D:3: 1075 daAuts
     D:2: 934 daAuts
     D:1: 873 daAuts
     D:4: 15 daAuts
